 Dungeon Crawl Stone Soup version 0.27-a0-1186-g8b4daa1eef (webtiles) character file.

Game seed: 14388238375445068712

311 freelancePsychic the Ducker (level 6, -1/47 HPs)
             Began as a Merfolk Summoner on May 19, 2021.
             Slain by a gnoll
             ... wielding a +0 antimagic flail
              (9 damage)
             ... on level 4 of the Dungeon.
             The game lasted 00:11:51 (6310 turns).

freelancePsychic the Ducker (Merfolk Summoner)      Turns: 6310, Time: 00:11:51

Health: -1/47      AC:  2    Str: 13    XL:     6   Next: 42%
Magic:  4/9        EV: 13    Int: 16    God:
Gold:   288        SH:  0    Dex: 11    Spells: 6/9 levels left

rFire    . . .     SeeInvis .   m - +7 rapier "Acoraol" {freeze, rElec Str+4 Dex-3}
rCold    . . .     Faith    .   (no shield)
rNeg     . . .     Spirit   .   a - +0 robe
rPois    .         Reflect  .   (no helmet)
rElec    +         Harm     .   (no cloak)
rCorr    .         Rampage  .   (no gloves)
Will     .....                  (no boots)
Stlth    ++........             (no amulet)
HPRegen  0.15/turn              (no ring)
MPRegen  0.11/turn              (no ring)

@: no status effects
A: (nimble swimmer 2), mertail
a: no special abilities


You were on level 4 of the Dungeon.
You visited 1 branch of the dungeon, and saw 4 of its levels.

You collected 288 gold pieces.

Inventory:

Hand Weapons
 d - a +0 whip
 i - a +0 spear
 k - a +0 halberd
 m - the +7 rapier "Acoraol" (weapon) {freeze, rElec Str+4 Dex-3}
   (You found it on level 4 of the Dungeon)

   It has been specially enchanted to freeze those struck by it, causing extra
   injury to most foes and up to half again as much damage against particularly
   susceptible opponents.
   It can also slow down cold-blooded creatures.
   It affects your strength (+4).
   It affects your dexterity (-3).
   It insulates you from electricity.
Armour
 a - a +0 robe (worn)
Jewellery
 b - a +6 ring of intelligence
Wands
 c - a wand of mindburst (7)
 l - a wand of polymorph (9)
 s - a wand of iceblast (7)
Scrolls
 e - a scroll of enchant armour
 n - a scroll of magic mapping {unknown}
 o - 3 scrolls of teleportation {@r4}
 q - a scroll of acquirement {unknown}
 t - a scroll of brand weapon {unknown}
Potions
 f - 2 potions of curing {@q1}
 g - a potion of haste {@q3}
 h - a potion of degeneration {unknown}
 j - a potion of experience {unknown}
 r - a potion of flight {unknown}


   Skills:
 - Level 3.3 Fighting
 + Level 3.9 Polearms
 - Level 5.1 Dodging
 - Level 2.1 Stealth
 - Level 2.0 Spellcasting
 + Level 5.0 Summonings


You had 6 spell levels left.
You knew the following spells:

 Your Spells              Type           Power      Damage    Failure   Level
a - Summon Small Mammal   Summ           68%        N/A       2%          1
b - Call Imp              Summ           17%        N/A       4%          2

Your spell library contained the following spells:

 Spells                   Type           Power      Damage    Failure   Level
 Call Canine Familiar     Summ           17%        N/A       8%          3
 Summon Guardian Golem    Hex/Summ       9%         N/A       22%         3
 Summon Ice Beast         Ice/Summ       9%         N/A       58%         4
 Summon Lightning Spire   Summ/Air       9%         N/A       58%         4


Dungeon Overview and Level Annotations

Branches:
Dungeon (4/15)
 Temple: D:4-7

Altars:
Elyvilon

Shops:
D:1 [   D:4 !


Innate Abilities, Weirdness & Mutations

((You are quick and stealthy near water. (Stealth+, EV+, Speed+++)))
Your lower body shifts to a powerful aquatic tail in water.


Message History

The gnoll misses you.
The gnoll sergeant blocks your crimson imp's attack.
Your crimson imp barely misses the gnoll sergeant.
The gnoll sergeant hits you from afar with a +0 spear!
* * * LOW HITPOINT WARNING * * *
Your white imp closely misses the gnoll sergeant.
The gnoll closely misses you.
Your crimson imp blinks! x2
The gnoll sergeant barely misses you.
Your white imp hits the gnoll sergeant but does no damage.
The gnoll closely misses you.
Your white imp closely misses the gnoll sergeant.
The gnoll sergeant closely misses you.
You see here a +0 robe.
Your white imp hits the gnoll sergeant but does no damage.
The gnoll barely misses you.
The gnoll closely misses your crimson imp.
The gnoll sergeant completely misses you.
Your crimson imp hits the gnoll sergeant but does no damage.
Your white imp closely misses the gnoll sergeant.
Your crimson imp hits the gnoll.
The gnoll closely misses your crimson imp.
Your crimson imp blinks!
The gnoll sergeant hits your white imp but does no damage.
Your white imp hits the gnoll sergeant.
Your white imp freezes the gnoll sergeant.
The gnoll barely misses your white imp.
The gnoll sergeant hits your white imp with a +0 spear!
The gnoll hits you with a +0 flail.
* * * LOW HITPOINT WARNING * * *
The gnoll sergeant blocks your white imp's attack.
Your crimson imp hits the gnoll sergeant but does no damage.
The gnoll hits your white imp with a +0 flail.
The gnoll closely misses you.
The gnoll sergeant hits your white imp with a +0 spear.
Your white imp dies!
Your crimson imp hits the gnoll sergeant but does no damage.
The gnoll sergeant barely misses your crimson imp.
The gnoll hits you with a +0 antimagic flail!
You die...

########
#########.g....#
#####
.<.......@g.)..#
.....
#########..5g..#
..... ##..5g.[.#
..... ##........#
..... #..#......#
.....
#######.#########
.....
#<............>.#
.....
..#####รท###..####
##### ##.##..##


You could see a gnoll sergeant (ally target), 3 gnolls and 2 friendly crimson
imps.

Vanquished Creatures
  A howler monkey (D:4)
  A hound (D:4)
  An iguana (D:4)
  2 gnolls
  An adder (D:3)
  A white imp (D:3)
  An adder skeleton (D:4)
  A dart slug (D:1)
  An orc (D:4)
  5 endoplasms
  4 giant cockroaches
  5 goblins
  5 hobgoblins
  A jackal (D:4)
  2 quokkas
  9 ball pythons
  7 bats
  4 frilled lizards
  7 kobolds
  3 rats
62 creatures vanquished.

Vanquished Creatures (collateral kills)
  A bullfrog (D:4)
  A jelly (D:4)
  Terence (D:3)
  6 gnolls (D:3)
  3 adders
  A worm (D:3)
  2 dart slugs (D:3)
  2 bats
  An endoplasm (D:3)
  A giant cockroach (D:4)
  A goblin (D:4)
  4 jackals
  A kobold (D:4)
  3 quokkas
  A rat (D:3)
29 creatures vanquished.

Grand Total: 91 creatures vanquished

Notes
Turn   | Place    | Note
-------+----------+-------------------------------------------
     0 | D:1      | freelancePsychic the Merfolk Summoner began the quest for
                  | the Orb.
     0 | D:1      | Reached XP level 1. HP: 13/13 MP: 3/3
   448 | D:1      | Reached skill level 1 in Fighting
   451 | D:1      | Reached XP level 2. HP: 7/21 MP: 0/5
   702 | D:1      | Found Imeidota's Armour Boutique.
   994 | D:1      | Learned a level 2 spell: Call Imp
  1155 | D:1      | Reached XP level 3. HP: 20/27 MP: 6/6
  3239 | D:3      | Noticed Terence
  3312 | D:3      | Found a white marble altar of Elyvilon.
  3506 | D:3      | Reached XP level 4. HP: 29/34 MP: 3/7
  4403 | D:3      | Found a faded altar of an unknown god.
  4595 | D:3      | Reached skill level 5 in Dodging
  4603 | D:3      | Reached XP level 5. HP: 30/41 MP: 1/8
  5291 | D:3      | Killed Terence
  5292 | D:3      | Reached skill level 1 in Polearms
  5806 | D:4      | Reached XP level 6. HP: 42/47 MP: 9/9
  5920 | D:4      | Found Kacai's Distillery.
  6285 | D:4      | Identified the +7 rapier "Acoraol" {freeze, rElec Str+4
                  | Dex-3}
  6300 | D:4      | Reached skill level 5 in Summonings
  6310 | D:4      | Slain by a gnoll

Illustrated notes

Levels and vault maps discovered:
D:1:      lightli_arrival_flooded_house, layout_basic, serial_shops, shop,
          minmay_misc_feat_nine_boxes
D:2:      layout_basic
D:3:      minmay_door_path, layout_basic, lemuel_crystal_altar,
          basic_ecumenical_altar, minmay_misc_feat_room, kennysheep_cross_room,
          uniq_terence
D:4:      layout_rooms, serial_shops, shop

Skill      XL: |  1  2  3  4  5  6 |
---------------+-------------------+-----
Dodging        | 3 4 5 |  5.1
Fighting       | 1 2 3 |  3.3
Polearms       | 3 |  3.9
Summonings     | 5 |  5.0
Stealth        | |  2.1
Spellcasting   | |  2.0

Action                   |  1- 3 |  4- 6 || total
-------------------------+-------+-------++-------
Melee: Unarmed           |    19 |       ||    19
       Whip              |   173 |    42 ||   215
       Spear             |       |     3 ||     3
       Halberd           |       |    60 ||    60
       Rapier            |       |     1 ||     1
 Cast: Summon Small Mamm |    16 |    10 ||    26
       Call Imp          |     8 |    38 ||    46
  Use: Scroll            |     5 |     3 ||     8
       Potion            |     1 |       ||     1
 Stab: Sleeping          |     6 |     3 ||     9
       Distracted        |     1 |     2 ||     3
Armor: Robe              |    59 |    20 ||    79
Dodge: Dodged            |   191 |    90 ||   281

Table legend: (Time is in decaauts)
 A = Elapsed time spent in this place.
 B = Non-inter-level travel time spent in this place.
 C = Inter-level travel time spent in this place.
 D = Time resting spent in this place.
 E = Time spent auto-exploring this place.
 F = Levels seen in this place.
 G = Mean time per level.
                   A        B        C        D        E       F      G
               +--------+--------+--------+--------+--------+-----+--------+
         Total |   6355 |   6213 |    142 |      0 |   5160 |   4 | 1588.8 |
       Dungeon |   6355 |   6213 |    142 |      0 |   5160 |   4 | 1588.8 |
               +--------+--------+--------+--------+--------+-----+--------+

Top non-repeatable levels by time:
     D:3: 2103 daAuts
     D:1: 1769 daAuts
     D:2: 1522 daAuts
     D:4: 960 daAuts
